 Dungeon Crawl Stone Soup version 0.23-a0-395-gcf17ac6 (webtiles) character file.

197748 rjrrt the Executioner (level 17, -5/156 HPs)
             Began as a Minotaur Berserker on Nov 1, 2018.
             Was the Champion of Trog.
             Slain by a sphinx (15 damage)
             ... on level 2 of the Vaults on Nov 2, 2018.
             The game lasted 01:22:53 (40006 turns).

rjrrt the Executioner (Minotaur Berserker)         Turns: 40006, Time: 01:22:54

Health: -5/156     AC: 23    Str: 28    XL:     17   Next: 79%
Magic:  5/19       EV: 15    Int:  4    God:    Trog [******]
Gold:   1543       SH:  0    Dex: 14    Spells: 16/16 levels left

rFire    + . .     SeeInvis .   a - +2 executioner's axe (flame)
rCold    . . .     Gourm    .   (shield currently unavailable)
rNeg     . . .     Faith    .   s - +1 plate armour "Wasamahi" {MR+++}
rPois    +         Spirit   .   (helmet restricted)
rElec    .         Reflect  .   H - scarf {repulsion}
rCorr    .         Harm     .   I - +0 pair of fencer's gloves {+Riposte Dex+3}
MR       ++++.                  E - +2 pair of boots
Stlth    ..........             r - amulet of the acrobat
HPRegen  0.36/turn              p - ring of poison resistance
MPRegen  0.16/turn              G - ring of protection from fire

@: about to teleport, berserk cooldown, slowed, repel missiles, very slow
A: retaliatory headbutt, horns 2
}: 1/15 runes: gossamer
a: Berserk, Trog's Hand, Brothers in Arms, Renounce Religion


You were on level 2 of the Vaults.
You worshipped Trog.
Trog was exalted by your worship.
You were not hungry.

You visited 6 branches of the dungeon, and saw 30 of its levels.
You also visited: Ice Cave.

You collected 3145 gold pieces.
You spent 1602 gold pieces at shops.

Inventory:

Hand Weapons
 a - a +2 executioner's axe of flaming (weapon)
 h - the +2 executioner's axe "Terran" {holy, rPois}
   (Trog gifted it to you on level 1 of the Vaults)

   It has been blessed by the Shining One to cause great damage to the undead
   and demons.
   It protects you from poison.
 m - a +2 antimagic executioner's axe
Missiles
 q - 2 steel javelins (quivered)
Armour
 s - the +1 plate armour "Wasamahi" (worn) {MR+++}
   (You bought it in a shop on level 2 of the Orcish Mines)

   It affects your resistance to hostile enchantments.
 A - a +2 cloak
 E - a +2 pair of boots (worn)
 H - a scarf of repulsion (worn)
 I - the +0 pair of fencer's gloves (worn) {+Riposte Dex+3}
   (You acquired it on level 2 of the Spider Nest)

   It affects your dexterity (+3).
 N - +2 fire dragon scales
Jewellery
 k - an uncursed ring of resist corrosion
 o - an uncursed ring of flight
 p - a ring of poison resistance (left hand)
 r - an amulet of the acrobat (around neck)
 x - an uncursed amulet of the gourmand
 G - a ring of protection from fire (right hand)
Wands
 b - a wand of disintegration (21)
 g - a wand of scattershot (5)
 C - a wand of polymorph (19)
 D - a wand of acid (13)
 J - a wand of clouds (4)
 K - a wand of iceblast (27)
 O - a wand of digging (8)
Scrolls
 i - 11 scrolls of remove curse
 j - a scroll of summoning
 n - 13 scrolls of identify
 t - 3 scrolls of fear
 w - 2 scrolls of enchant armour
 y - 7 scrolls of magic mapping
 z - a scroll of enchant weapon
 L - 3 scrolls of fog
 M - a scroll of silence
 P - 4 scrolls of teleportation
 R - a scroll of blinking
Potions
 d - 2 potions of invisibility
 e - 13 potions of curing
 f - 4 potions of heal wounds
 l - 6 potions of flight
 u - 4 potions of might
 v - 6 potions of lignification
 B - a potion of mutation
 F - 4 potions of agility
 Q - 4 potions of ambrosia
Comestibles
 c - 48 rations
 S - 6 chunks of flesh


   Skills:
 + Level 15.2 Fighting
 * Level 25.5 Axes
 + Level 15.0 Armour
 + Level 13.1 Dodging
 - Level 4.4 Evocations


You had 16 spell levels left.
You didn't know any spells.
Your spell library was empty.

Dungeon Overview and Level Annotations

Branches:
Dungeon (15/15)            Temple (0/1) D:6            Lair (6/6) D:8
 Shoals (0/4) Lair:2       Spider (4/4) Lair:2        Slime (0/5) Lair:5
    Orc (2/2) D:11            Elf (1/3) Orc:2        Vaults (2/5) D:13
 Depths (0/5) D:15
  Crypt: Vaults:2-3

Altars:
Ashenzari
Cheibriados
Dithmenos
Hepliaklqana
Kikubaaqudgha
Makhleb
Ru
Sif Muna
Uskayaw
Xom
Yredelemnul
Zin
The Shining One
Beogh
Jiyva

Shops:
D:13 *(=%}   Orc:2 [*(*[   Vaults:1 ?

Portals:
Trove: D:10 (give 14 potions of curing)

Annotations:
D:5 1 runed door
D:11 2 runed doors


Innate Abilities, Weirdness & Mutations

You reflexively headbutt those who attack you in melee.
You have a pair of horns on your head.


Message History

Unknown command.
Unknown command.
Unknown command.
Unknown command.
Unknown command.
You closely miss the deep troll. You headbutt the deep troll.
The deep troll is lightly wounded.
You hit the rakshasa. You burn the rakshasa. You hit the sphinx.
You burn the sphinx. You miss the deep elf knight. You hit the fire giant.
The fire giant hits you with a +2 great sword of flaming!!
* * * LOW HITPOINT WARNING * * *
The fire giant burns you.
* * * LOW HITPOINT WARNING * * *
The deep elf knight unwields a +0 shortbow.
The deep elf knight wields a +0 scimitar.
The deep elf knight hits you with a +0 scimitar!
* * * LOW HITPOINT WARNING * * *
The rakshasa hits you but does no damage.
The sphinx hits you!
You die...

#.......# #.#...#.# #.......#
#.p.#...# #.e.)...#
###'###############)#############
..O...............)..............
..............eHeCp..............
+## #########.zR@T..(............
#############........ . #....>...
# #........ # #........ #
#........ # #.[)..... #
#..'........ # #..#........


You could see a fire giant, a sphinx, a rakshasa, a skeletal warrior, a deep
troll, a deep elf archer, a deep elf knight and an ironbrand convoker.

Vanquished Creatures
  An Ice Fiend (IceCv)
  4 ghost moths
  4 emperor scorpions
  3 ironheart preservers
  7 entropy weavers
  2 stone giants (Vaults:2)
  A deep elf demonologist (Vaults:1)
  2 deep elf annihilators (Vaults:1)
  A spark wasp (Spider:4)
  A deep elf death mage (Vaults:1)
  4 yaktaur captains
  A fire dragon (Lair:6)
  A rakshasa (Vaults:2)
  7 hydras
  9 centaur warriors
  17 two-headed ogres
  2 tengu warriors (D:14)
  5 ogre magi
  A queen ant (Spider:2)
  A fire crab (Lair:6)
  3 deep elf knights
  3 unseen horrors
  2 skeletal warriors (Vaults:2)
  3 deep elf archers (Vaults:1)
  2 lindwurms (Lair:6)
  A necromancer (Vaults:1)
  Pikel (D:7)
  3 ironbrand convokers
  26 wolf spiders
  11 orc knights
  5 orc sorcerers
  7 orb spiders
  A salamander (D:15)
  10 deep elf magi
  4 ugly things
  2 manticores
  3 centaur zombies
  A human zombie (Vaults:1)
  6 cyclopes
  A stone giant skeleton (Vaults:1)
  A moth of wrath (Spider:1)
  Joseph (D:9)
  4 elephants (Lair:3)
  A spiny frog (shapeshifter) (Vaults:1)
  4 vault sentinels
  5 black mambas
  4 ice statues
  7 torpor snails
  7 spiny frogs
  2 gargoyles
  8 komodo dragons
  A freezing wraith (Vaults:2)
  4 rime drakes
  5 yaktaurs
  2 human skeletons (Vaults:1)
  17 demonic crawlers
  9 ice devils (IceCv)
  37 jumping spiders
  Prince Ribbit (D:6)
  3 tyrant leeches (Lair:6)
  2 meliai (D:15)
  A queen bee (D:15)
  10 polar bears (Lair:6)
  13 hornets
  10 trolls
  9 blink frogs (Lair:6)
  A blink frog (shapeshifter) (Vaults:2)
  A dream sheep (Lair:6)
  12 hippogriffs
  A human simulacrum (Vaults:1)
  A centaur simulacrum (D:14)
  63 redbacks
  A spriggan (shapeshifter) (Vaults:1)
  A vampire (D:12)
  19 tarantellas
  37 yaks
  A shadow (D:15)
  2 dire elephant simulacra (IceCv)
  A wraith (Vaults:1)
  4 wyverns
  Grum (D:9)
  2 basilisks (Lair:3)
  2 steam dragons
  7 vampire mosquitoes
  2 hungry ghosts
  A harpy simulacrum (IceCv)
  5 acid dragons
  2 iron troll simulacra (IceCv)
  20 wargs
  6 soldier ants
  6 water moccasins
  15 hell hounds (Lair:6)
  A hydra simulacrum (IceCv)
  6 porcupines
  50 orc warriors
  13 black bears
  3 sky beasts
  An ogre skeleton (Vaults:1)
  23 wolves
  2 eyes of draining (D:9)
  4 ice beasts
  A necrophage (D:8)
  An ettin simulacrum (IceCv)
  A slave (D:7)
  5 phantoms
  36 centaurs
  12 ogres
  15 crocodiles
  3 big kobolds
  17 bullfrogs
  A wyvern zombie (D:12)
  3 scorpions
  12 killer bees (D:15)
  4 wights (D:13)
  3 howler monkeys
  4 crimson imps
  2 quasits
  16 orc priests
  8 hounds
  6 jellies
  2 bullfrog skeletons
  3 bullfrog zombies
  A gnoll shaman (D:10)
  24 orc wizards
  6 centaur skeletons
  36 worker ants
  2 iguanas (D:6)
  A hound zombie (D:5)
  2 hound skeletons (D:8)
  Robin (D:4)
  A worker ant zombie (D:8)
  8 gnolls
  11 adders
  2 howler monkey skeletons (D:9)
  2 shadow imps
  An ooze (D:1)
  An adder zombie (D:7)
  An adder skeleton (D:4)
  A worm (D:3)
  3 dart slugs
  3 leopard geckos
  97 orcs
  8 bats
  4 giant cockroaches
  9 goblins
  10 hobgoblins
  16 jackals
  16 kobolds
  4 quokkas
  2 ball pythons
  4 frilled lizards
  A kobold skeleton (D:5)
  A quokka skeleton (D:6)
  2 quokka zombies (D:8)
  9 rats
  A bush (Lair:6)
  6 fungi
  11 plants (Lair:6)
1117 creatures vanquished.

Vanquished Creatures (collateral kills)
  A hydra (Lair:6)
  A centaur warrior (D:14)
  A two-headed ogre (D:15)
  A wolf spider (shapeshifter) (D:14)
  A merfolk siren (Lair:2)
  A rime drake (Lair:6)
  A spiny frog (Lair:6)
  A meliai (D:15)
  2 ice devils (IceCv)
  3 merfolk (Lair:2)
  A basilisk (Lair:6)
  A harpy simulacrum (IceCv)
  2 hydra simulacra (IceCv)
  A centaur (D:15)
18 creatures vanquished.

Vanquished Creatures (others)
  A two-headed ogre (D:8)
  An orc knight (Vaults:1)
  An orb spider (Spider:1)
  A redback (Spider:1)
  A tarantella (Spider:4)
  A slave (D:9)
  A bullfrog skeleton (D:9)
  3 worker ants
  A hobgoblin (D:1)
  2 bushes (Lair:6)
  4 fungi
  51 plants
  3 toadstools (D:11)
71 creatures vanquished.

Grand Total: 1206 creatures vanquished

Notes
Turn   | Place    | Note
-------+----------+-------------------------------------------
     0 | D:1      | rjrrt the Minotaur Berserker began the quest for the Orb.
     0 | D:1      | Reached XP level 1. HP: 19/19 MP: 0/0
    69 | D:1      | Reached skill level 4 in Axes
    93 | D:1      | Reached XP level 2. HP: 20/26 MP: 1/1
   335 | D:1      | You fall through a shaft!
   641 | D:1      | Reached skill level 5 in Axes
   955 | D:2      | Reached XP level 3. HP: 31/31 MP: 2/2
  1028 | D:2      | Reached ** piety under Trog
  1289 | D:2      | Found an ancient bone altar of Kikubaaqudgha.
  1329 | D:2      | Reached skill level 6 in Axes
  1329 | D:2      | Reached XP level 4. HP: 33/39 MP: 3/3
  1477 | D:3      | Found a snail-covered altar of Cheibriados.
  1477 | D:3      | Found a glowing golden altar of the Shining One.
  1477 | D:3      | Found a shattered altar of Ashenzari.
  2221 | D:4      | Noticed Robin
  2236 | D:3      | Reached skill level 7 in Axes
  2236 | D:3      | Reached XP level 5. HP: 36/45 MP: 4/4
  2438 | D:4      | Killed Robin
  2473 | D:4      | Found a shadowy altar of Dithmenos.
  2639 | D:4      | Noticed a hippogriff
  2643 | D:4      | Noticed an ogre
  2648 | D:4      | Killed a hippogriff
  2648 | D:4      | Reached *** piety under Trog
  2648 | D:4      | Reached skill level 9 in Axes
  2648 | D:4      | Reached XP level 6. HP: 51/51 MP: 5/5
  2911 | D:5      | Entered Level 5 of the Dungeon
  2963 | D:5      | Reached XP level 7. HP: 57/57 MP: 6/6
  3174 | D:5      | Reached skill level 10 in Axes
  3455 | D:5      | Found a runed door.
  3456 | D:5      | Noticed a human
  3463 | D:5      | Received a gift from Trog
  3463 | D:5      | Reached skill level 11 in Axes
  3464 | D:5      | Found a basalt altar of Yredelemnul.
  3643 | D:5      | Found a deep blue altar of Sif Muna.
  3716 | D:6      | Found a staircase to the Ecumenical Temple.
  3731 | D:6      | Reached XP level 8. HP: 59/64 MP: 7/7
  3830 | D:5      | Noticed a rust devil
  3830 | D:5      | Noticed a rust devil
  3833 | D:5      | Reached skill level 12 in Axes
  3903 | D:6      | Reached skill level 13 in Axes
  3944 | D:6      | Noticed Prince Ribbit
  3954 | D:6      | Killed Prince Ribbit
  4119 | D:6      | Reached **** piety under Trog
  4272 | D:7      | Reached XP level 9. HP: 69/70 MP: 8/8
  4455 | D:7      | Found a flagged portal.
  4509 | D:7      | Noticed Pikel
  4525 | D:7      | Reached skill level 14 in Axes
  4536 | D:7      | Killed Pikel
  4753 | D:7      | Reached skill level 15 in Axes
  4774 | D:7      | Found a hide-covered altar of Uskayaw.
  5080 | D:8      | Killed a two-headed ogre
  5171 | D:8      | Found a shimmering altar of Xom.
  5174 | D:8      | Noticed an angel
  5184 | D:8      | Found a glowing silver altar of Zin.
  5196 | D:8      | Found a hazy altar of Hepliaklqana.
  5248 | D:8      | Found a burning altar of Makhleb.
  5260 | D:8      | Reached skill level 1 in Evocations
  5439 | D:8      | Found a sacrificial altar of Ru.
  5486 | D:8      | Noticed a komodo dragon
  5744 | D:8      | Killed a komodo dragon
  5744 | D:8      | Reached XP level 10. HP: 80/80 MP: 10/10
  5757 | D:8      | Reached skill level 5 in Fighting
  6078 | D:8      | Found a staircase to the Lair.
  6092 | D:8      | Reached ***** piety under Trog
  6301 | Lair:1   | Entered Level 1 of the Lair of Beasts
  6357 | Lair:1   | Reached skill level 5 in Armour
  6554 | Lair:1   | Reached skill level 16 in Axes
  7446 | Lair:2   | Found a hole to the Spider Nest.
  7674 | Lair:2   | Received a gift from Trog
  8057 | Lair:2   | Noticed a merfolk siren
  8058 | Lair:2   | Reached XP level 11. HP: 78/92 MP: 13/13
  8265 | Lair:2   | Found a staircase to the Shoals.
  8312 | Lair:2   | Noticed an eight-headed hydra
  8321 | Lair:2   | Killed an eight-headed hydra
  8321 | Lair:2   | Reached skill level 17 in Axes
  8527 | Lair:2   | Noticed a lindwurm
  8527 | Lair:2   | Noticed a lindwurm
  9342 | Lair:3   | Reached skill level 18 in Axes
 10295 | Lair:4   | Reached skill level 19 in Axes
 10858 | Lair:4   | Reached XP level 12. HP: 94/100 MP: 14/14
 11231 | Lair:4   | Noticed an eight-headed hydra
 11244 | Lair:4   | Killed a nine-headed hydra
 12333 | Lair:5   | Found a staircase to the Slime Pits.
 12333 | Lair:5   | Found a viscous altar of Jiyva.
 12525 | Lair:5   | Reached skill level 20 in Axes
 12873 | Lair:5   | Received a gift from Trog
 13022 | Lair:6   | Entered Level 6 of the Lair of Beasts
 13557 | Lair:6   | Noticed a five-headed hydra
 13562 | Lair:6   | Killed a five-headed hydra
 14122 | Lair:6   | Got a distressingly furry chain mail
 14135 | Lair:6   | Identified the +1 chain mail of Olisk {Str+4 Int+4} (You
                  | found it on level 6 of the Lair of Beasts)
 14602 | Lair:6   | Found a runed door.
 14605 | Lair:6   | Noticed a fire dragon
 14612 | Lair:6   | Killed a fire dragon
 14612 | Lair:6   | Reached XP level 13. HP: 108/108 MP: 15/15
 15021 | Lair:6   | Reached skill level 5 in Dodging
 15601 | Lair:6   | Reached skill level 21 in Axes
 17048 | D:9      | Noticed Grum
 17057 | D:9      | Killed Grum
 17479 | D:9      | Received a gift from Trog
 17479 | D:9      | Reached skill level 10 in Fighting
 17515 | D:9      | Noticed Joseph
 17521 | D:9      | Killed Joseph
 17521 | D:9      | Reached ****** piety under Trog
 17728 | D:10     | Entered Level 10 of the Dungeon
 17809 | D:10     | Found a portal to a secret trove of treasure.
 18477 | D:11     | Found a staircase to the Orcish Mines.
 18602 | D:11     | Reached skill level 10 in Armour
 19110 | D:11     | Found a runed door.
 19110 | D:11     | Found a runed door.
 19110 | D:11     | Noticed a fire dragon
 19111 | D:11     | Noticed a fire dragon
 19112 | D:11     | Found the +2 shield of Resistance {rF+ rC+ MR+}
 19223 | Orc:1    | Entered Level 1 of the Orcish Mines
 19232 | Orc:1    | Reached XP level 14. HP: 122/122 MP: 16/16
 19930 | Orc:1    | Received a gift from Trog
 20165 | Orc:2    | Entered Level 2 of the Orcish Mines
 20516 | Orc:2    | Reached skill level 22 in Axes
 20647 | Orc:2    | Found Ulyuff's Antique Weapon Shop.
 21161 | Orc:2    | Found Nausm's Armour Emporium.
 21161 | Orc:2    | Found Osew Seemp's Assorted Antiques.
 21446 | Orc:2    | Received a gift from Trog
 22144 | Orc:2    | Found Faelle's Assorted Antiques.
 22144 | Orc:2    | Found Qeufye's Armour Boutique.
 22171 | Orc:2    | Bought a potion of heal wounds for 160 gold pieces
 22171 | Orc:2    | Bought a potion of curing for 96 gold pieces
 22184 | Orc:2    | Found a roughly hewn altar of Beogh.
 22222 | Orc:2    | Bought a crude plate armour for 840 gold pieces
 22224 | Orc:2    | Identified the +1 plate armour "Wasamahi" {MR+++} (You
                  | bought it in a shop on level 2 of the Orcish Mines)
 22250 | Orc:2    | Bought a +2 cloak for 165 gold pieces
 22281 | Orc:2    | Bought a ruby potion for 27 gold pieces
 22386 | Orc:2    | Found a staircase to the Elven Halls.
 22442 | Elf:1    | Entered Level 1 of the Elven Halls
 22557 | Elf:1    | Found a frozen archway.
 22570 | IceCv    | Entered an ice cave
 24234 | IceCv    | Noticed an Ice Fiend
 24250 | IceCv    | HP: 7/186 [Ice Fiend (39)]
 24251 | IceCv    | Killed an Ice Fiend
 24622 | IceCv    | Got steaming fire dragon scales
 24646 | IceCv    | Identified the +2 fire dragon scales of Rotation {rElec
                  | rPois rF++ rC- Str+2 Int-4} (You found it in an ice cave)
 24646 | IceCv    | Lost intelligence.
 25739 | D:13     | Reached XP level 15. HP: 132/132 MP: 17/17
 25770 | D:13     | Found a gate to the Vaults.
 25991 | D:13     | Received a gift from Trog
 25996 | D:13     | Found Umnumom's Weapon Shoppe.
 26050 | D:13     | Found Anakhuas's Gadget Shoppe.
 26419 | D:13     | Found Zayxiono's Food Boutique.
 26476 | D:13     | Found Jafecu's Jewellery Shop.
 26531 | D:13     | Found Hyell's Assorted Antiques.
 26542 | D:13     | Bought a potion of curing for 123 gold pieces
 26542 | D:13     | Bought a scroll labeled IRRASTR REAR for 41 gold pieces
 26882 | D:14     | Reached skill level 23 in Axes
 27749 | D:14     | Reached skill level 10 in Dodging
 28099 | D:15     | Entered Level 15 of the Dungeon
 28173 | D:15     | Found a shadowy altar of Dithmenos.
 28399 | D:15     | Received a gift from Trog
 28402 | D:15     | Got a smoking broad axe {god gift}
 28594 | D:15     | Identified the +10 broad axe "Taciq" {protect, rN+} (Trog
                  | gifted it to you on level 15 of the Dungeon)
 29830 | D:15     | Found a staircase to the Depths.
 30173 | Spider:1 | Entered Level 1 of the Spider Nest
 31559 | Spider:1 | Received a gift from Trog
 31721 | Spider:1 | Reached XP level 16. HP: 124/144 MP: 18/18
 32690 | Spider:2 | Reached skill level 24 in Axes
 33814 | Spider:2 | Received a gift from Trog
 33873 | Spider:2 | Identified a scroll of acquirement
 33874 | Spider:2 | Found the +0 pair of fencer's gloves {+Riposte Dex+3}
 33894 | Spider:2 | Found the +7 Singing Sword {slice, sonic wave}
 35732 | Spider:4 | Entered Level 4 of the Spider Nest
 35743 | Spider:4 | Received a gift from Trog
 35757 | Spider:4 | Got a steaming battleaxe {god gift}
 35763 | Spider:4 | Identified the +2 battleaxe of Past Mistakes {freeze, Str+3
                  | Dex+4} (Trog gifted it to you on level 4 of the Spider
                  | Nest)
 36962 | Spider:4 | Reached XP level 17. HP: 113/154 MP: 19/19
 37208 | Spider:4 | Got a gossamer rune of Zot
 37516 | Vaults:1 | Entered Level 1 of the Vaults
 37800 | Vaults:1 | Found Rofogodd's Magic Scroll Shop.
 37812 | Vaults:1 | Bought a scroll of blinking for 150 gold pieces
 38362 | Vaults:1 | Reached skill level 25 in Axes
 38371 | Vaults:1 | Received a gift from Trog
 38379 | Vaults:1 | Got a steaming executioner's axe {god gift}
 38381 | Vaults:1 | Identified the +2 executioner's axe "Terran" {holy, rPois}
                  | (Trog gifted it to you on level 1 of the Vaults)
 39636 | Vaults:2 | Reached skill level 15 in Fighting
 39687 | Vaults:2 | Noticed a lich
 39987 | Vaults:2 | Reached skill level 15 in Armour
 39992 | Vaults:2 | Received a gift from Trog
 40006 | Vaults:2 | Slain by a sphinx

Vault maps used:
D:1:      scummos_arrival_forest, lemuel_another_geyser
D:2:      lemuel_coloured_pillars_altar, first_ration
D:3:      chequers_temple_overflow_statue_of_worship
D:4:      nicolae_overflow_crystal_walls, uniq_robin
D:5:      cheibrodos_iron_armory, lemuel_blue_sif_altar, moated_statue,
          dk_yredelemnul_ordeal
D:6:      minmay_temple_entry_trees, uniq_prince_ribbit1
D:7:      lemuel_round_altar, enter_bailey_6, uniq_pikel
D:8:      grunt_temple_overflow_order_and_chaos_1, hangedman_ru_absence,
          makhleb_blood_cavern_becter, lemuel_crystal_altar, erik_lair_dragon
D:9:      uniq_joseph, uniq_grum
D:10:     enter_trove_1
D:11:     orc_0_dummy, grunt_ogre_cave, grunt_ministairs_8,
          minmay_gold_behind_fungi, amethyst_killhole,
          minmay_guarded_unrand_resistance
D:13:     david_vaults_2, serial_shops,
          nicolae_shop_competitors_out_of_business, shop, shop, shop, shop
D:14:     minmay_bloctagon_deflated, kennysheep_another_room,
          kennysheep_cross_bottleneck
D:15:     hangedman_depths_entry_try_elsewhere_first, wad_floor_pattern_2,
          special_room, nicolae_dithmenos_shadow_blocks
Lair:1:   chequers_serial_rivers_micro_a, chequers_serial_rivers_micro_e,
          nicolae_lair_grove_arrangements, infiniplex_staircase_pool
Lair:2:   elwin_shoals_entry_stream, spider_nest_entry_web_field,
          minmay_lindwurm_lava, serial_bayou_shore_a
Lair:4:   serial_bayou_shore_b
Lair:5:   slime_altar_1
Lair:6:   hangedman_lair_caniforms_friends, wormcave, serial_forest,
          infiniplex_forest_straight_2, infiniplex_forest_clump_tiny,
          infiniplex_forest_end_2, infiniplex_forest_zigzag_1,
          infiniplex_forest_clump_long, infiniplex_forest_split,
          infiniplex_staircase_pool_2
Spider:2: minmay_another_anthill
Spider:4: spider_rune_water
Orc:2:    st_orc_town, serial_shops, shop
Elf:1:    minmay_elf_arrival_summoners, portal_ice_cave_entry_ice_statue_one,
          minmay_elf_necromancy
Vaults:1: nicolae_vaults_arrows, v_alt_pattern_6, v_misc_9,
          nicolae_vaults_angled_halls, v_misc_12, ontoclasm_vaults_bender,
          v_alt_pattern_1, ontoclasm_vaults_loading_screen,
          ontoclasm_vaults_gateway, v_alt_pattern_3,
          nicolae_vaults_network_square, vaults_dpeg_encased_lava, serial_shops,
          nicolae_shop_trees
Vaults:2: vaults_mumra_minichess_inversion, hangedman_vaults_corner, st_squares,
          minmay_crypt_entry_skeletal_spiral, nicolae_vaults_theta,
          dpeg_vaults_monster_box, grunt_vaults_bifocal, v_misc_14,
          vaults_room_semicircle, nicolae_vaults_network_s,
          nicolae_vaults_angled_halls, uniq_mennas
IceCv:    ice_cave_tombish

Skill      XL: |  1  2  3  4  5  6  7  8  9 10 11 12 13 14 15 16 17 |
---------------+----------------------------------------------------+-----
Axes           | 4 5 6 7 9 11 13 15 16 19 20 21 22 23 24 25 | 25.5
Fighting       | 4 7 8 10 11 13 14 15 | 15.2
Armour         | 4 6 8 10 11 12 14 15 | 15.0
Evocations     | 2 4 |  4.4
Dodging        | 4 7 9 10 12 13 | 13.1

Action                   |  1- 3 |  4- 6 |  7- 9 | 10-12 | 13-15 | 16-18 || total
-------------------------+-------+-------+-------+-------+-------+-------++-------
Melee: Hand axe          |    73 |    92 |   319 |   460 |       |       ||   944
       Headbutt          |     7 |    20 |    67 |   147 |   256 |   175 ||   672
       Trident           |       |       |       |     5 |       |       ||     5
       Battleaxe         |       |       |       |   159 |   691 |       ||   850
       Flail             |       |       |       |     7 |       |       ||     7
       Executioner's axe |       |       |       |       |   556 |   628 ||  1184
Invok: Berserk           |       |     2 |     5 |    10 |    16 |     1 ||    34
       Brothers in Arms  |       |       |       |     2 |     4 |       ||     6
       Trog's Hand       |       |       |       |     1 |     1 |       ||     2
Evoke: Wand              |       |       |       |     3 |    12 |    12 ||    27
  Use: Scroll            |       |    12 |     5 |     8 |    15 |     9 ||    49
       Potion            |       |       |       |       |     3 |     1 ||     4
  Eat: Chunk             |     1 |     7 |    16 |    41 |    65 |     2 ||   132
       Ration            |       |       |       |     2 |     3 |     6 ||    11
Armor: Animal skin       |     7 |       |       |       |       |       ||     7
       Scale mail        |    16 |       |       |       |       |       ||    16
       Plate armour      |       |    68 |   120 |   314 |   757 |   471 ||  1730
       Chain mail        |       |       |       |    25 |    60 |       ||    85
Dodge: Dodged            |    40 |    43 |   122 |   216 |   716 |   618 ||  1755
       Deflected         |       |       |       |       |    14 |    17 ||    31
       Rpst.: Executioner's axe |       |       |       |       |       |    77 ||    77

Table legend:
 A = Non-vault XP
 B = Vault XP
 C = Vault XP percentage of total XP
 D = Non-vault monster count
 E = Vault monster count
 F = Vault count percentage of total count
                 A         B        C        D         E       F
            +---------+---------+-------+---------+---------+-------
      Total |  165753 |  108619 |  39.6 |     770 |     349 |  31.2
            +---------+---------+-------+---------+---------+-------
        D:1 |      37 |       0 |   0.0 |      19 |       0 |   0.0
        D:2 |      65 |       0 |   0.0 |      20 |       0 |   0.0
        D:3 |      98 |       4 |   3.9 |      20 |       2 |   9.1
        D:4 |     460 |      32 |   6.5 |      10 |      10 |  50.0
        D:5 |     581 |     134 |  18.7 |      22 |       2 |   8.3
        D:6 |     889 |     442 |  33.2 |      16 |       2 |  11.1
        D:7 |     563 |     641 |  53.2 |      14 |       1 |   6.7
        D:8 |    1007 |    1317 |  56.7 |      19 |       8 |  29.6
        D:9 |    3385 |     929 |  21.5 |      31 |       5 |  13.9
       D:10 |    2596 |       0 |   0.0 |      25 |       0 |   0.0
       D:11 |    4244 |     938 |  18.1 |      32 |       5 |  13.5
       D:12 |    5059 |       0 |   0.0 |      25 |       0 |   0.0
       D:13 |    5475 |    2675 |  32.8 |      24 |       3 |  11.1
       D:14 |   13109 |    2301 |  14.9 |      45 |       4 |   8.2
       D:15 |   11015 |    3909 |  26.2 |      37 |      19 |  33.9
     Lair:1 |    2743 |       0 |   0.0 |      17 |       0 |   0.0
     Lair:2 |    6904 |     813 |  10.5 |      20 |       4 |  16.7
     Lair:3 |    5677 |       0 |   0.0 |      22 |       0 |   0.0
     Lair:4 |    4577 |       0 |   0.0 |      17 |       0 |   0.0
     Lair:5 |    2867 |       0 |   0.0 |      10 |       0 |   0.0
     Lair:6 |    9052 |   17080 |  65.4 |      35 |      74 |  67.9
   Spider:1 |   15521 |    2783 |  15.2 |      44 |       3 |   6.4
   Spider:2 |   17105 |    2134 |  11.1 |      51 |      25 |  32.9
   Spider:3 |   13282 |     157 |   1.2 |      37 |       1 |   2.6
   Spider:4 |    8244 |   18639 |  69.3 |      20 |      34 |  63.0
      Orc:1 |    3559 |       0 |   0.0 |      49 |       0 |   0.0
      Orc:2 |    4190 |    8623 |  67.3 |      41 |      64 |  61.0
      Elf:1 |    1683 |    3838 |  69.5 |       3 |       7 |  70.0
   Vaults:1 |   11249 |   18762 |  62.5 |      20 |      33 |  62.3
   Vaults:2 |   10517 |   13182 |  55.6 |      25 |      18 |  41.9
      IceCv |       0 |    9286 | 100.0 |       0 |      25 | 100.0
            +---------+---------+-------+---------+---------+-------
